 Dungeon Crawl Stone Soup version 0.30-a0-174-gbc10bd73c2 (webtiles) character file.

Game seed: 7031564918204846375

51 qw the Chopper (level 3, -3/23 HPs)
             Began as a Gargoyle Fighter on Oct 1, 2022.
             Slain by a goblin
             ... wielding a +0 club
             ... led by Robin
              (5 damage)
             ... on level 2 of the Dungeon.
             The game lasted 00:00:30 (1026 turns).

qw the Chopper (Gargoyle Fighter)                   Turns: 1026, Time: 00:00:31

Health: -3/23      AC: 10    Str: 21    XL:     3   Next: 81%
Magic:  3/3        EV:  9    Int:  8    God:
Gold:   98         SH:  4    Dex:  9    Spells: 2/2 levels left

rFire   . . .      SeeInvis .    Y - +0 war axe
rCold   . . .      Faith    .    c - +0 buckler
rNeg    + . .      Spirit   .    b - +0 scale mail
rPois   inf        Reflect  .    (no helmet)
rElec   +          Harm     .    (no cloak)
rCorr   .          Rampage  .    (no gloves)
Will    .....                    (no boots)
Stlth   ..........               (no amulet)
HPRegen 0.23/turn                (no ring)
MPRegen 0.08/turn                (no ring)

@: no status effects
A: sickness immunity, AC +3, negative energy resistance 1, electricity
resistance, torment resistance 1, petrification resistance
a: no special abilities


You were on level 2 of the Dungeon.
You visited 1 branch of the dungeon, and saw 2 of its levels.

You collected 98 gold pieces.


Innate Abilities, Weirdness & Mutations

You are immune to sickness and miasma.
Your stone body is resilient. (AC +3)
You are immune to poison.
You resist negative energy. (rN+)
You are resistant to electric shocks. (rElec)
You are resistant to unholy torment.
You are immune to petrification.


   Skills:
 - Level 3.2 Fighting
 + Level 3.6 Axes
 - Level 3.2 Armour
 - Level 3.2 Shields


You had 2 spell levels left.
You didn't know any spells.
Your spell library was empty.

Inventory:

Hand Weapons
 Y - a +0 war axe (weapon)
Missiles
 i - 4 boomerangs (quivered)
Armour
 b - a +0 scale mail (worn)
 c - a +0 buckler (worn)
Scrolls
 a - a scroll of identify {unknown}
 g - a scroll of butterflies {unknown}
 h - a scroll of amnesia {unknown}
Potions
 d - a potion of might
 e - a potion of curing {unknown}
 f - a potion of brilliance {unknown}

Dungeon Overview and Level Annotations

Branches:
Dungeon (2/15)

Altars:

Annotations:
D:2 Robin


Message History

You kill the goblin!
The goblin hits you but does no damage. x2; The hobgoblin hits you.
You block the goblin's attack.
The hobgoblin hits you but does no damage.
The goblin hits you with a +0 club. The goblin barely misses you. x2
You hit the hobgoblin but do no damage.
The hobgoblin is almost dead.
You slash the goblin!
You kill the goblin!
You slash the ball python!
You kill the ball python!
You miss the goblin. You closely miss the goblin. You slash the goblin!
You kill the goblin!
The goblin hits you but does no damage. Robin throws the goblin at you!
The hobgoblin completely misses you.
A goblin comes into view. It is wielding a +0 club.
You closely miss the hobgoblin.
The hobgoblin is almost dead.
You closely miss the goblin. x2
The goblin shouts!
You block the hobgoblin's attack. The goblin barely misses you.
The goblin hits you but does no damage.
The hobgoblin hits you but does no damage.
The goblin misses you.
A goblin comes into view. It is wielding a +0 club.
The goblin barely misses you. The frilled lizard closely misses you.
Robin throws the goblin at you!
You closely miss the hobgoblin.
The hobgoblin is almost dead.
You completely miss the goblin. You hit the goblin. You barely miss Robin.
You closely miss the frilled lizard. The hobgoblin closely misses you.
The goblin hits you with a +0 club. You block the frilled lizard's attack.
The goblin hits you but does no damage. Robin hits you with a +3 dagger.
You barely miss the hobgoblin.
The hobgoblin is almost dead.
You closely miss Robin. You barely miss the frilled lizard.
You hit the goblin but do no damage. x2
The goblin hits you with a +0 club.
You die...

... ... ... #.# #.#
####### #.# #.....
####.# #.?.# ####....#
####gg.###>#
##.#..#.####...g@g.g..#
#.##..#.........)l...g..
....###..###.........#.#
.77..##..# ####...####
.77.#.#..# #...#
....####.# #...# ##.#.
#.# ##.## #.##. #.# ###
#.. ....## #.. ..#


You could see Robin, a hobgoblin (strong), 4 goblins and a frilled lizard.

Vanquished Creatures
  An adder (D:2)
  3 bats (D:1)
  2 endoplasms
  2 giant cockroaches (D:1)
  4 hobgoblins
  3 kobolds
  3 quokkas (D:1)
  5 ball pythons
  5 frilled lizards (D:1)
  6 goblins
  5 rats
39 creatures vanquished.

Notes
Turn   | Place    | Note
-------+----------+-------------------------------------------
     0 | D:1      | qw the Gargoyle Fighter began the quest for the Orb.
     0 | D:1      | Reached XP level 1. HP: 14/14 MP: 1/1
     0 | D:1      | 0 ||| qw: Version: 0.2-a-13-gfc7b4b4
     0 | D:1      | 0 ||| qw: Game counter: 1901
     0 | D:1      | 0 ||| qw: Always use a shield: true
     0 | D:1      | 0 ||| qw: God list: Okawaru
     0 | D:1      | 0 ||| qw: Allow faded altars: false
     0 | D:1      | 0 ||| qw: Do Orc after D:15 true
     0 | D:1      | 0 ||| qw: Do second Lair branch before Depths: true
     0 | D:1      | 0 ||| qw: Lair rune preference: random
     0 | D:1      | 0 ||| qw: Plans: Normal, Zot:1-4, God:TSO, Crypt, Tomb,
                  | Pan, Slime:5, Hells, Abyss, Orb
     0 | D:1      | 0 ||| PLANNING D:1-11
   206 | D:1      | Reached XP level 2. HP: 18/19 MP: 2/2
   290 | D:1      | 290 ||| Stepping ~*~*~tactically~*~*~ (stealth).
   301 | D:1      | 301 ||| Stepping ~*~*~tactically~*~*~ (stealth).
   415 | D:1      | Reached skill level 3 in Axes
   569 | D:1      | Reached XP level 3. HP: 23/23 MP: 3/3
   638 | D:1      | 638 ||| Stepping ~*~*~tactically~*~*~ (stealth).
   726 | D:1      | 726 ||| DROPPING amulet of faith.
   727 | D:1      | 727 ||| READING scroll labelled XUNTOU BOAWUR.
   728 | D:1      | 728 ||| READING scroll labelled JUISAN JAEQAUHUO.
   729 | D:1      | 729 ||| READING 3 scrolls labelled MEPSINLEFASK.
   730 | D:1      | 730 ||| READING scroll labelled KOSEOPP UNUO.
   731 | D:1      | 731 ||| READING scroll labelled XOFOCI MEGUGER.
   732 | D:1      | 732 ||| DROPPING 2 scrolls of poison.
   753 | D:2      | 753 ||| Stepping ~*~*~tactically~*~*~ (stealth).
   882 | D:2      | 882 ||| Stepping ~*~*~tactically~*~*~ (stealth).
  1017 | D:2      | Noticed Robin
  1025 | D:2      | HP: 2/23 [Robin/+3 dagger (5)]
  1026 | D:2      | Slain by a goblin

Levels and vault maps discovered:
D:1:      lemuel_arrival_hallway, layout_loops_cross, minmay_lizard_pond
D:2:      layout_loops_ring, nicolae_eternal_life, minmay_misc_feat_cross,
          uniq_robin

Skill      XL: |  1  2 |
---------------+-------+-----
Axes           | 2 3 |  3.6
Fighting       | |  3.2
Armour         | |  3.2
Shields        | |  3.2

Action                   || total
-------------------------++-------
Melee: War axe           ||   114
Throw: Boomerang         ||     3
  Use: Scroll            ||     5
Armor: Scale mail        ||    69
Dodge: Dodged            ||    51
Block: Buckler           ||    19

Table legend:
 A = Non-vault XP
 B = Vault XP
 C = Vault XP percentage of total XP
 D = Non-vault monster count
 E = Vault monster count
 F = Vault count percentage of total count
                 A         B        C        D         E       F
            +---------+---------+-------+---------+---------+-------
      Total |      62 |      11 |  15.1 |      32 |       7 |  17.9
            +---------+---------+-------+---------+---------+-------
        D:1 |      38 |       3 |   7.3 |      24 |       3 |  11.1
        D:2 |      24 |       8 |  25.0 |       8 |       4 |  33.3
            +---------+---------+-------+---------+---------+-------
